 Dungeon Crawl Stone Soup version 0.30-a0-630-g881e3bac89 (webtiles) character file.

Game seed: 3121431520964792285

749 M4edhros the Trooper (level 7, 0/94 HPs)
             Began as a Minotaur Fighter on Jan 13, 2023.
             Killed from afar by Eustachio (23 damage)
             ... with a bolt of light
             ... on level 6 of the Dungeon.
             The game lasted 00:02:02 (1787 turns).

M4edhros the Trooper (Minotaur Fighter)             Turns: 1787, Time: 00:02:03

Health: 0/94       AC: 23    Str: 21    XL:     7   Next: 48%
Magic:  6/6        EV:  2    Int:  5    God:
Gold:   164        SH:  5    Dex: 11    Spells: 6/6 levels left

rFire   . . .      SeeInvis .    a - +0 war axe
rCold   . . .      Faith    .    c - +0 buckler
rNeg    . . .      Spirit   .    (body armour currently unavailable)
rPois   +          Reflect  .    (helmet currently unavailable)
rElec   .          Harm     .    (cloak currently unavailable)
rCorr   .          Rampage  .    (gloves currently unavailable)
Will    .....      NoTele   +    (boots currently unavailable)
Stlth   +                        (no amulet)
HPRegen 0.35/turn                (no ring)
MPRegen 0.10/turn                (no ring)

@: tree-form
A: stationary, stasis, torment immunity, boosted hp, (horns 2), (retaliatory
headbutt)
a: no special abilities


You were on level 6 of the Dungeon.
You were a tree.
You visited 1 branch of the dungeon, and saw 6 of its levels.
You also visited: Sewer.

You collected 164 gold pieces.

Inventory:

Hand Weapons
 a - a +0 war axe (weapon)
Armour
 b - a +0 scale mail (melded)
 c - a +0 buckler (worn)
Scrolls
 e - a scroll of magic mapping {unknown}
 f - a scroll of amnesia {unknown}
 g - 2 scrolls of vulnerability {unknown}
 j - a scroll of immolation {unknown}
 m - a scroll of fear {unknown}
 n - 3 scrolls of torment {unknown}
 o - 2 scrolls of identify {unknown}
 p - a scroll of noise {unknown}
Potions
 d - a potion of might
 i - a potion of mutation {unknown}
 l - a potion of curing {unknown}
Miscellaneous
 k - a piece from Xom's chessboard (15/15)


   Skills:
 + Level 6.2 Fighting
 + Level 5.4 Axes
 + Level 6.1 Armour
 + Level 6.1 Shields


You had 6 spell levels left.
You didn't know any spells.
Your spell library was empty.

Dungeon Overview and Level Annotations

Branches:
Dungeon (6/15)             Temple (0/1) D:6           Sewer (visited)

Altars:

Annotations:
D:4 1 runed translucent door, Crazy Yiuf, Dowan, Duvessa
D:6 Eustachio


Innate Abilities, Weirdness & Mutations

You are a tree.
Your roots penetrate the ground, keeping you stationary.
You cannot be teleported.
You are immune to unholy pain and torment.
Your maximum health is greatly increased.
Your equipment is partially melded.
((You have a pair of horns on your head.))
((You reflexively headbutt those who attack you in melee.))


Message History

The bolt of light hits the bat!
The bat dies!
The bat's corpse disappears in a puff of smoke!
The bolt of light hits you!!
* * * LOW HITPOINT WARNING * * *
Okay, then.
The bat barely misses you. x2
It was a potion of lignification.
You turn into a tree.
Your +0 scale mail melds into your body.
Your roots penetrate the ground.
The bat hits you but does no damage.
You miss the bat. The bat hits you but does no damage. The bat hits you.
* * * LOW HITPOINT WARNING * * *
You barely miss the bat. The bat hits you but does no damage.
You block the bat's attack.
You hit the bat.
The bat is moderately wounded.
You block the bat's attack. x2
You barely miss the bat.
The bat is moderately wounded.
The bat hits you but does no damage. x2
You closely miss the bat.
The bat is moderately wounded.
The bat hits you but does no damage. You block the bat's attack.
The bat hits you but does no damage.
You hit the bat but do no damage.
The bat is moderately wounded.
The bat hits you but does no damage. You block the bat's attack.
The bat hits you but does no damage.
You slash the bat!
You kill the bat!
The bat's corpse disappears in a puff of smoke!
You barely miss the quokka.
The quokka bites you but does no damage.
Eustachio hits you but does no damage.
You barely miss Eustachio.
Eustachio is moderately wounded.
You barely miss the quokka.
The quokka bites you but does no damage.
Eustachio zaps a wand.
The bolt of light hits you!!
You die...

..#.......#.###
#.# #.#
............#
#.# #.#
..#.#.#.#.#.#
#.####.#
#...........#
#.##.(.#
#########...#
#....>..
#....@.###
####.###
#.###.#.## #.#
#@###.# #.#
#.###♣#.## #.#
#...r..## #.#
#.#.##.# #.# #.
#.. ... # ####
###


You could see Eustachio and a quokka (summoned).

Vanquished Creatures
  An ice beast (D:6)
  A phantom (D:6)
  2 scorpions
  2 bullfrogs (Sewer)
  A hound (D:5)
  A jelly (D:5)
  A gnoll bouda (D:5)
  2 iguanas
  An orc wizard (D:5)
  4 gnolls (D:5)
  4 adders (Sewer)
  2 river rats (D:5)
  5 orcs
  A bat (D:3)
  8 endoplasms
  9 giant cockroaches
  3 goblins
  A hobgoblin (D:2)
  3 kobolds
  12 quokkas
  10 ball pythons
  4 frilled lizards (Sewer)
  2 rats (D:5)
80 creatures vanquished.

Notes
Turn   | Place    | Note
-------+----------+-------------------------------------------
     0 | D:1      | M4edhros the Minotaur Fighter began the quest for the Orb.
     0 | D:1      | Reached XP level 1. HP: 19/19 MP: 0/0
   250 | D:3      | Reached XP level 2. HP: 27/27 MP: 1/1
   335 | D:4      | Noticed a scorpion
   341 | D:4      | Killed a scorpion
   342 | D:4      | Reached XP level 3. HP: 34/34 MP: 2/2
   342 | D:4      | Reached XP level 4. HP: 41/41 MP: 3/3
   374 | D:4      | Noticed Dowan
   375 | D:4      | Noticed Duvessa
   558 | D:4      | Found a runed translucent door.
   559 | D:4      | Noticed Crazy Yiuf
   586 | D:5      | Entered Level 5 of the Dungeon
   619 | D:5      | Reached XP level 5. HP: 40/47 MP: 4/4
   807 | D:5      | Reached skill level 5 in Fighting
   807 | D:5      | Reached skill level 5 in Armour
   807 | D:5      | Reached skill level 5 in Shields
   904 | D:5      | Reached XP level 6. HP: 56/56 MP: 5/5
   924 | D:5      | Found a glowing drain.
   929 | Sewer    | Entered a sewer
  1276 | Sewer    | Reached XP level 7. HP: 38/62 MP: 6/6
  1416 | D:5      | Reached skill level 5 in Axes
  1752 | D:6      | Found a staircase to the Ecumenical Temple.
  1767 | D:6      | Noticed Eustachio
  1787 | D:6      | Killed from afar by Eustachio

Illustrated notes

Levels and vault maps discovered:
D:1:      dpeg_arrival_pits, layout_basic
D:2:      cheibrodos_pilgrimage, layout_basic,
          dreamdust_ecumenical_altar_angels_and_demons, minmay_box_of_dots
D:3:      minmay_chambers_of_threes, layout_basic, grunt_ministairs_2,
          kennysheep_generic_room_14
D:4:      layout_basic, uniq_crazy_yiuf_cottage, uniq_grinder, uniq_duvessa
D:5:      layout_basic, portal_sewer_entry_e, kb_lookout_dungeons_type
D:6:      layout_loops_ring, minmay_temple_entry_glass, uniq_eustachio

Skill      XL: |  1  2  3  4  5  6  7 |
---------------+----------------------+-----
Fighting       | 4 5 6 |  6.2
Axes           | 3 4 5 |  5.4
Armour         | 4 5 6 |  6.1
Shields        | 4 5 6 |  6.1

Action                   |  1- 3 |  4- 6 |  7- 9 || total
-------------------------+-------+-------+-------++-------
Melee: War axe           |    23 |   160 |    29 ||   212
       Headbutt          |     3 |    14 |     6 ||    23
  Use: Potion            |       |       |     2 ||     2
Armor: Scale mail        |    13 |    71 |     5 ||    89
       Skin              |       |       |    12 ||    12
Dodge: Dodged            |     9 |    73 |    11 ||    93
Block: Buckler           |     9 |    46 |     6 ||    61

Table legend: (Time is in decaauts)
 A = Elapsed time spent in this place.
 B = Non-inter-level travel time spent in this place.
 C = Inter-level travel time spent in this place.
 D = Time resting spent in this place.
 E = Time spent auto-exploring this place.
 F = Levels seen in this place.
 G = Mean time per level.
                   A        B        C        D        E       F      G
               +--------+--------+--------+--------+--------+-----+--------+
         Total |   1918 |   1851 |     67 |     42 |   1174 |   7 |  274.0 |
       Dungeon |   1386 |   1319 |     67 |     42 |    943 |   6 |  231.0 |
         Sewer |    532 |    532 |      0 |      0 |    230 |   1 |  532.0 |
               +--------+--------+--------+--------+--------+-----+--------+

Top non-repeatable levels by time:
   Sewer: 532 daAuts
     D:5: 435 daAuts
     D:3: 357 daAuts
     D:6: 351 daAuts
     D:4: 208 daAuts
     D:2: 30 daAuts
     D:1: 2 daAuts
